 Dungeon Crawl Stone Soup version 0.31-a0-180-g519b7de00c (webtiles) character file.

Game seed: 9259520204510335439

28 EnoxNightshade the Ruffian (level 2, 0/23 HPs)
             Began as a Draconian Transmuter on June 19, 2023.
             Succumbed to an adder's poison
             ... on level 2 of the Dungeon.
             The game lasted 00:16:38 (894 turns).

EnoxNightshade the Ruffian (Draconian Transmuter)    Turns: 894, Time: 00:16:38

Health: 0/23       AC:  4    Str: 12    XL:     2   Next: 96%
Magic:  5/5        EV:  9    Int: 13    God:
Gold:   34         SH:  0    Dex: 11    Spells: 4/5 levels left

rFire   . . .        j - +0 dagger
rCold   . . .        (no shield)
rNeg    . . .        (body armour unavailable)
rPois   .            (helmet restricted)
rElec   .            (no cloak)
rCorr   .            (no gloves)
SInv    .            (no boots)
Will    .....        (no amulet)
Stlth   +            (no ring)
HPRegen 0.23/turn    (no ring)
MPRegen 0.09/turn

%: no passive effects
@: lethally poisoned (0 -> -8), constricted
A: AC +4, unfitting armour, cold-blooded
a: no special abilities


You were on level 2 of the Dungeon.
You visited 1 branch of the dungeon, and saw 2 of its levels.

You collected 34 gold pieces.

Inventory:

Hand Weapons
 b - a +0 club
 i - a +0 dagger
 j - a +0 dagger (weapon)
 k - a +0 dagger
Missiles
 f - 13 stones
Scrolls
 g - a scroll of identify {unknown}
Potions
 a - 2 potions of lignification
 c - a potion of heal wounds {unknown}
 d - 2 potions of might {unknown}
 e - 2 potions of invisibility {unknown}
 h - 2 potions of curing {unknown}


   Skills:
 + Level 1.1 Fighting
 + Level 0.7 Maces & Flails
 + Level 2.2 Dodging
 + Level 0.2 Stealth
 + Level 3.6 Unarmed Combat
 + Level 2.0 Spellcasting
 + Level 2.0 Transmutations


You had 4 spell levels left.
You knew the following spells:

 Your Spells              Type           Power      Damage    Failure   Level
a - Beastly Appendage     Tmut           12%        N/A       11%         1

Your spell library contained the following spells:

 Spells                   Type           Power      Damage    Failure   Level
 Wereblood                Tmut           6%         N/A       17%         2
 Spider Form              Tmut/Pois      3%         N/A       45%         3
 Ice Form                 Ice/Tmut       3%         N/A       86%         4


Dungeon Overview and Level Annotations

Branches:
Dungeon (2/15)

Altars:

Shops:
D:1 (


Innate Abilities, Weirdness & Mutations

Your plain brown scales are hard. (AC +4)
You cannot fit into any form of body armour.
You are cold-blooded and may be slowed by cold attacks.


Message History

The adder bites you but does no damage.
The quokka bites you but does no damage.
The goblin closely misses you.
You hit the goblin.
The goblin is severely wounded.
The adder barely misses you. The quokka closely misses you.
The goblin barely misses you.
You hit the goblin but do no damage.
The goblin is severely wounded.
The adder misses you. The quokka bites you. The adder barely misses you.
The goblin barely misses you.
You hit the goblin.
You kill the goblin!
The quokka bites you but does no damage.
The adder bites you.
You are poisoned.
The adder poisons you! The ball python closely misses you.
The ball python barely misses you.
You miss the quokka.
The quokka is lightly wounded.
You feel sick. The quokka barely misses you.
The adder bites you but does no damage. The ball python bites you.
The ball python grabs you. The ball python constricts you.
The quokka closely misses you.
You closely miss the ball python.
Your tail-slap misses the ball python.
You feel sick. The adder bites you.
You are lethally poisoned!
The adder poisons you! The ball python barely misses you.
The ball python constricts you.
* * * LOW HITPOINT WARNING * * *
The quokka barely misses you. The adder bites you but does no damage.
You closely miss the ball python.
* * * LOW HITPOINT WARNING * * *
You feel very sick. The ball python barely misses you.
The ball python constricts you. The adder bites you.
* * * LOW HITPOINT WARNING * * *
The quokka barely misses you.
You hit the ball python but do no damage.
You die...

## #..# ##. #..# ##..
#..# . #... #..# ..
##..## #.. ...
####....## #.# ....
.........###.###.....
.............rS...[..
.........###.@S......
###...#.## ######....
#...#.# .. #...#.#
#..##.# #...#.#
#.....# #...### #.<##


You could see an adder, a quokka and a ball python.

Vanquished Creatures
  2 dart slugs (D:1)
  2 ball pythons (D:1)
  4 bats (D:1)
  3 endoplasms (D:1)
  3 goblins
  3 hobgoblins (D:1)
  A quokka (D:1)
  2 frilled lizards (D:1)
  2 rats (D:1)
22 creatures vanquished.

Notes
Turn   | Place    | Note
-------+----------+-------------------------------------------
     0 | D:1      | EnoxNightshade the Draconian Transmuter began the quest for
                  | the Orb.
     0 | D:1      | Reached XP level 1. HP: 16/16 MP: 3/3
   129 | D:1      | Reached XP level 2. HP: 10/23 MP: 5/5
   431 | D:1      | Found a faded altar of an unknown god.
   443 | D:1      | Found Koecs's Weapon Shop.
   894 | D:2      | Succumbed to an adder's poison

Illustrated notes

Levels and vault maps discovered:
D:1:      amcnicky_arrival_abandoned_market, layout_rooms, serial_shops,
          nicolae_shop_stone, ebering_ecumenical_altar_abandoned, st_stairs_10,
          supply_closet_lemuel, minmay_misc_feat_plants
D:2:      minmay_thinvault, layout_loops_ring, basic_altar,
          uniq_crazy_yiuf_cottage, uniq_natasha

Skill      XL: |  1  2 |
---------------+-------+-----
Dodging        | 2 |  2.2
Fighting       | |  1.1
Maces & Flails | |  0.7
Stealth        | |  0.2
Unarmed Combat | |  3.6
Spellcasting   | |  2.0
Transmutations | |  2.0

Action                     || total
---------------------------++-------
  Melee: Club              ||    74
         Tailslap          ||    10
         Dagger            ||    14
         Punch             ||     1
 Armour: Skin              ||    38
  Dodge: Dodged            ||   109

Table legend: (Time is in decaauts)
 A = Elapsed time spent in this place.
 B = Non-inter-level travel time spent in this place.
 C = Inter-level travel time spent in this place.
 D = Time resting spent in this place.
 E = Time spent auto-exploring this place.
 F = Levels seen in this place.
 G = Mean time per level.
                   A        B        C        D        E       F      G
               +--------+--------+--------+--------+--------+-----+--------+
         Total |    914 |    808 |    106 |    133 |      0 |   2 |  457.0 |
       Dungeon |    914 |    808 |    106 |    133 |      0 |   2 |  457.0 |
               +--------+--------+--------+--------+--------+-----+--------+

Top non-repeatable levels by time:
     D:1: 881 daAuts
     D:2: 32 daAuts
